 Dungeon Crawl Stone Soup version 0.17.1-3-g152610e (webtiles) character file.

98406 moxian the Markscentaur (level 15, -1/132 HPs)
             Began as a Centaur Hunter on Apr 17, 2016.
             Was a High Priest of Okawaru.
             Killed from afar by a deep elf conjurer (12 damage)
             ... with a bolt of lightning
             ... on level 2 of the Elven Halls on Apr 19, 2016.
             The game lasted 03:57:53 (33532 turns).

moxian the Markscentaur (Centaur Hunter)           Turns: 33532, Time: 03:57:53

Health: -1/132     AC: 32    Str: 15    XL:     15   Next: 74%
Magic:  23/29      EV: 12    Int: 15    God:    Okawaru [*****.]
Gold:   2572       SH:  0    Dex: 16    Spells: 6 memorised, 20 levels left

rFire  + . .     SeeInvis .     b - +2 longbow (velocity)
rCold  + . .     Clarity  .     l - +3 ring mail {rF+}
rNeg   + . .     SustAt   .     (shield currently unavailable)
rPois  .         Gourm    .     o - +2 helmet
rElec  .         Spirit   .     e - +0 cloak
rCorr  .         Warding  .     j - +2 pair of gloves {archery}
rMut   .         Stasis   .     u - +8 centaur barding of Cinuh {MR+ Int+5}
MR     +++..                    R - amulet of regeneration
Stlth  +.........               E - ring of positive energy
                                g - ring of protection from magic

@: heroism, finesse, studying Spellcasting, drained, very quick, extremely
resistant to hostile enchantments, very unstealthy
A: hooves 3, cold resistance 1, deformed body, speed 2, tough skin 3
a: Heroism, Finesse, Renounce Religion


You were on level 2 of the Elven Halls.
You worshipped Okawaru.
Okawaru was extremely pleased with you.
You were very hungry.

You visited 6 branches of the dungeon, and saw 28 of its levels.
You also visited: Labyrinth, Ice Cave and Volcano.

You collected 3212 gold pieces.
You spent 640 gold pieces at shops.

Inventory:

Hand Weapons
 a - the +3 halberd "Viseer" {chop, rN+ Str+4}
   (Okawaru gifted it to you on level 6 of the Lair of Beasts)

   It inflicts extra damage upon your enemies.
   It affects your strength (+4).
   It protects you from negative energy.
 b - a +2 longbow of velocity (weapon)
Missiles
 d - 338 arrows (quivered)
 f - 669 stones
 q - 3 javelins of penetration
 C - 19 arrows of dispersal {!f =F =f}
 K - 7 javelins
 Y - 24 arrows of frost
 Z - 45 arrows of flame
Armour
 e - a +0 cloak (worn)
 j - a +2 pair of gloves of archery (worn)
 l - a +3 ring mail of fire resistance (worn)
 o - a +2 helmet (worn)
 u - the +8 centaur barding of Cinuh (worn) {MR+ Int+5}
   (Okawaru gifted it to you on level 8 of the Lair of Beasts)

   It affects your intelligence (+5).
   It affects your resistance to hostile enchantments.
Jewellery
 g - a ring of protection from magic (left hand)
 E - a ring of positive energy (right hand)
 R - an amulet of regeneration (around neck)
Wands
 k - a wand of teleportation (5)
 y - a wand of digging (17)
 T - a wand of disintegration (12)
Scrolls
 m - 7 scrolls of teleportation
 s - a scroll of fog
 z - a scroll of blinking
 H - 3 scrolls of remove curse
 J - 3 scrolls of recharging
 N - a scroll of fear
 P - a scroll of identify
 X - a scroll of silence
Potions
 h - 3 potions of agility
 i - 7 potions of lignification
 n - 3 potions of flight
 A - a potion of invisibility
 B - 2 potions of heal wounds
 F - a potion of curing
 I - 2 potions of berserk rage
 L - 2 potions of haste
 M - a potion of resistance
 Q - 5 potions of might
 S - a potion of cancellation
Books
 c - a book of Transfigurations

   Spells                             Type                      Level
   a - Stoneskin                      Transmutation/Earth          2
   b - Irradiate                      Conjuration/Transmutation    5
   c - Statue Form                    Transmutation/Earth          6
   d - Hydra Form                     Transmutation                6
   e - Dragon Form                    Transmutation                7
 t - a manual of Spellcasting
Miscellaneous
 O - a plain deck of wonders
Comestibles
 p - 10 royal jellies
 r - 25 beef jerkies
 v - 14 fruits
 G - 14 bread rations
 U - 8 meat rations


   Skills:
 + Level 11.9(16.9) Fighting
   Level 1.5(6.4) Short Blades
   Level 1.2(6.2) Maces & Flails
 + Level 10.6(15.6) Polearms
 * Level 20.0(24.9) Bows
 - Level 6.5(11.4) Throwing
 + Level 3.5(8.5) Armour
 + Level 4.3(9.3) Dodging
 - Level 0.5(5.4) Stealth
 + Level 10.6(10.5) Spellcasting
 - Level 3.0(2.9) Charms
 + Level 3.5(3.4) Translocations
 - Level 1.0(0.9) Ice Magic
 - Level 8.6 Invocations


You had 20 spell levels left.
You knew the following spells:

 Your Spells              Type           Power        Failure   Level  Hunger
a - Condensation Shield   Ice            ##........   91%         4    ###....
b - Ozocubu's Armour      Chrm/Ice       ##......     21%         3    None
c - Blink                 Tloc           N/A          8%          2    None
d - Portal Projectile     Tloc           ###...       12%         3    None
e - Apportation           Tloc           ###.......   4%          1    None
f - Shroud of Golubria    Chrm/Tloc      ###.......   10%         2    None


Dungeon Overview and Level Annotations

Branches:
Dungeon (12/15)            Temple (1/1) D:4            Lair (8/8) D:10
 Shoals (1/4) Lair:6        Snake (0/4) Lair:6        Slime (0/6) Lair:8
    Orc (4/4) D:12            Elf (2/3) Orc:3

Altars:
Ashenzari
Cheibriados
Dithmenos
Elyvilon
Fedhas
Gozag
Kikubaaqudgha
Makhleb
Nemelex Xobeh
Okawaru
Qazlal
Ru
Sif Muna
Trog
Vehumet
Xom
Yredelemnul
Zin
The Shining One
Jiyva

Shops:
D:11 (   Orc:1 !   Orc:4 [[(=   Elf:1 *

Annotations:
Lair:5 exclusion: oklob plant
Elf:2 3 runed doors, Asterion


Innate Abilities, Weirdness & Mutations

You have hooves in place of feet.
Armour fits poorly on your strangely shaped body.
You cover ground very quickly.
You have extremely tough skin (AC +3).
Your flesh is cold resistant.


Message History

Something hits you! Something freezes you.
* * * LOW HITPOINT WARNING * * *
Something gores you but does no damage.
Firing (i - inventory. (,) - cycle):
d - 339 arrows (quivered)
Press: ? - help, Shift-Dir - straight line, p - deep elf conjurer You shoot an arrow.
Something hits you!
* * * LOW HITPOINT WARNING * * *
Something freezes you.
* * * LOW HITPOINT WARNING * * *
Something gores you but does no damage.
The deep elf conjurer hits you but does no damage.
You can now deal lightning-fast blows.
You feel somewhat more hungry. Something hits you!
* * * LOW HITPOINT WARNING * * *
Something freezes you.
* * * LOW HITPOINT WARNING * * *
Something gores you but does no damage.
The deep elf conjurer casts a spell at you.
The bolt of lightning hits you!
You die...

#...........................#
.#.....................(....#
............................#
..........................[.#
............................#
.#....?.....................#
##..........................#
.................e.((.......#
................@(((........#
...................###......#
..................##♣#......#
#####...#####[#####....##...#
....+...#...))..##..♣#(e#...#
....#...#......##.. ##..#...#
....#...#......#♣. #...+ ..#
....#...#......#. #....# .#
....#...#......# ##..:#


You could see a deep elf conjurer.

Vanquished Creatures
  Donald (Lair:6)
  A minotaur (Lab)
  A deep elf high priest (Elf:1)
  A catoblepas (Lair:7)
  8 hydras
  Erica (D:8)
  2 dancing weapons (Elf:2)
  11 death yaks
  3 orc high priests (Orc:4)
  Sonja (Lair:4)
  Nergalle (Lair:5)
  3 deep elf knights
  A small abomination (Elf:1)
  A sea snake (Lair:6)
  4 deep elf summoners
  5 orc knights
  A lindwurm (Orc:2)
  7 hill giants
  2 ugly things
  6 orc sorcerers
  5 deep elf conjurers
  2 cyclopes
  2 hornets (Lair:8)
  A wolf spider (Lair:8)
  2 griffons (Lair:7)
  Maurice (D:8)
  A centaur zombie (D:11)
  A molten gargoyle (Volcano)
  A guardian serpent (Lair:8)
  9 elephants
  3 ice statues (IceCv)
  2 gargoyles (Volcano)
  2 centaur skeletons
  9 black mambas
  12 spiny frogs
  6 fire drakes
  5 komodo dragons
  10 deep elf priests
  5 trolls
  A merfolk (Lair:6)
  11 blink frogs
  8 polar bears (Lair:8)
  A boulder beetle (Lair:8)
  2 raiju (Lair:8)
  3 slime creatures (D:12)
  A wraith (D:12)
  A snapping turtle (Lair:6)
  Sigmund (D:2)
  13 deep elf magi
  43 yaks
  3 vampire mosquitoes (D:12)
  11 hippogriffs
  6 wyverns
  Grum (D:8)
  2 basilisks
  A fire elemental (Volcano)
  12 deep elf fighters
  9 wargs
  16 wolves
  5 nagas (Lair:6)
  20 orc warriors
  11 porcupines
  4 hell hounds (Lair:8)
  17 water moccasins
  A soldier ant (D:10)
  Duvessa (D:6)
  The ghost of magipi the Sneak, an amateur SpEn (D:4)
  Purgy (D:4)
  10 ice beasts
  3 sky beasts
  3 spiders (Lair:8)
  4 wasps (Lair:8)
  12 black bears (Lair:8)
  2 eyes of draining
  4 centaurs
  8 ogres
  A phantom (D:10)
  A brain worm (Lair:7)
  18 crocodiles
  3 big kobolds
  16 giant frogs
  Dowan (D:6)
  6 killer bees
  A water moccasin zombie (D:8)
  6 scorpions
  12 wights
  4 jellies
  2 quasits
  7 crimson imps
  20 hounds
  35 orc wizards
  Crazy Yiuf (D:3)
  23 orc priests
  A gnoll shaman (D:3)
  2 giant frog skeletons
  11 iguanas
  6 worker ants
  18 sheep
  A killer bee zombie (D:9)
  A hound zombie (D:6)
  A hound skeleton (D:9)
  2 worker ant zombies (D:10)
  Robin (D:2)
  23 adders
  6 gnolls
  48 river rats
  A shadow imp (D:11)
  12 white imps (Lair:1)
  6 oozes
  An adder skeleton (D:4)
  A worm (D:3)
  3 giant geckos
  157 orcs
  5 giant cockroaches
  16 goblins
  13 hobgoblins
  5 quokkas
  13 bats
  6 giant newts
  16 jackals
  18 kobolds
  A quokka skeleton (D:6)
  A quokka zombie (D:9)
  6 rats
  A butterfly (Lair:6)
  2 fungi
  A plant (Lair:3)
956 creatures vanquished.

Vanquished Creatures (collateral kills)
  A griffon (Lair:7)
  A giant frog skeleton (D:10)
2 creatures vanquished.

Vanquished Creatures (others)
  A yak (Lair:8)
  A steam dragon (D:10)
  A centaur (D:10)
  A giant frog (D:8)
  4 orcs (D:10)
  62 fungi
  35 plants
105 creatures vanquished.

Grand Total: 1063 creatures vanquished

Notes
Turn   | Place    | Note
--------------------------------------------------------------
     0 | D:1      | moxian the Centaur Hunter began the quest for the Orb.
     0 | D:1      | Reached XP level 1. HP: 17/17 MP: 1/1
   432 | D:1      | Reached XP level 2. HP: 22/24 MP: 2/2
   705 | D:1      | Reached skill level 6 in Bows
   705 | D:1      | Reached skill level 1 in Throwing
   705 | D:1      | Reached XP level 3. HP: 6/30 MP: 3/3
   863 | D:1      | Reached skill level 1 in Short Blades
  1293 | D:2      | Reached XP level 4. HP: 14/37 MP: 4/4
  1420 | D:2      | Found an opulent altar of Gozag.
  1526 | D:2      | Noticed Robin
  1573 | D:2      | Killed Robin
  1711 | D:2      | Noticed Sigmund
  2370 | D:2      | Killed Sigmund
  2370 | D:2      | Reached skill level 1 in Maces & Flails
  2370 | D:2      | Reached skill level 7 in Bows
  2370 | D:2      | Reached XP level 5. HP: 43/45 MP: 5/5
  2370 | D:2      | Reached XP level 6. HP: 48/51 MP: 6/6
  2692 | D:2      | Noticed Crazy Yiuf
  3103 | D:3      | Killed Crazy Yiuf
  3381 | D:3      | Reached skill level 1 in Polearms
  4112 | D:4      | Found a staircase to the Ecumenical Temple.
  4276 | D:3      | Reached skill level 8 in Bows
  4304 | D:3      | Gained mutation: Your flesh is cold resistant. [potion of beneficial mutation]
  4316 | D:3      | HP: 2/51 [poisoned by a gnoll]
  4660 | D:4      | Reached XP level 7. HP: 56/58 MP: 7/7
  4732 | D:4      | Noticed magipi's ghost (amateur SpEn)
  4854 | D:4      | Killed magipi's ghost
  4890 | Temple   | Entered the Ecumenical Temple
  5157 | D:4      | Noticed Purgy
  5213 | D:4      | Killed Purgy
  5213 | D:4      | Reached skill level 9 in Bows
  5434 | D:4      | Found an iron altar of Okawaru.
  5442 | D:4      | Became a worshipper of Warmaster Okawaru
  5485 | D:5      | Entered Level 5 of the Dungeon
  5608 | D:5      | Reached XP level 8. HP: 52/67 MP: 8/8
  5920 | D:5      | Reached skill level 10 in Bows
  5937 | D:5      | Reached skill level 5 in Throwing
  6074 | D:5      | Reached * piety under Okawaru
  6273 | D:6      | Found a blossoming altar of Fedhas.
  6293 | D:6      | Reached skill level 1 in Invocations
  6493 | D:6      | Reached skill level 5 in Fighting
  6524 | D:6      | Noticed Dowan
  6525 | D:6      | Noticed Duvessa
  7114 | D:7      | Reached ** piety under Okawaru
  7114 | D:7      | Reached XP level 9. HP: 40/74 MP: 10/10
  7451 | D:6      | Reached skill level 11 in Bows
  7459 | D:6      | Killed Duvessa
  7925 | D:6      | Killed Dowan
  8526 | D:7      | Reached *** piety under Okawaru
  8830 | D:8      | Reached skill level 12 in Bows
  8916 | D:8      | Noticed Grum
  9280 | D:8      | Received a gift from Okawaru
  9280 | D:8      | Reached XP level 10. HP: 77/84 MP: 13/13
  9307 | D:8      | Noticed Maurice
 10355 | D:8      | Reached skill level 5 in Invocations
 10385 | D:8      | Killed Grum
 10460 | D:8      | You fall through a shaft for 2 floors!
 10460 | D:10     | Entered Level 10 of the Dungeon
 10460 | D:10     | Noticed a hill giant
 10507 | D:10     | Killed a hill giant
 10507 | D:10     | Reached **** piety under Okawaru
 10507 | D:10     | Reached skill level 5 in Polearms
 10507 | D:10     | Reached skill level 13 in Bows
 10691 | D:10     | Noticed an elephant
 10733 | D:10     | Killed an elephant
 10820 | D:10     | Found a staircase to the Lair.
 10923 | D:10     | Noticed a hill giant
 10953 | D:10     | Killed a hill giant
 10953 | D:10     | Reached ***** piety under Okawaru
 10953 | D:10     | Received a gift from Okawaru
 10967 | D:10     | Reached skill level 1 in Spellcasting
 11022 | D:10     | Noticed a hill giant
 11055 | D:10     | Killed a hill giant
 11055 | D:10     | Reached skill level 14 in Bows
 11801 | D:10     | Reached XP level 11. HP: 92/92 MP: 15/15
 11888 | D:10     | Noticed a hill giant
 11896 | D:10     | Killed a hill giant
 12063 | Lair:1   | Entered Level 1 of the Lair of Beasts
 12181 | Lair:1   | Found a frozen archway.
 12283 | IceCv    | Entered an ice cave
 13049 | IceCv    | Got a scorched golden ring
 13053 | IceCv    | Identified the ring "Weic" {*Confuse rPois Int+7} (You found it in an ice cave)
 13423 | Lair:1   | Reached skill level 15 in Bows
 14213 | Lair:2   | Noticed a six-headed hydra
 14223 | Lair:2   | Killed a six-headed hydra
 14223 | Lair:2   | Received a gift from Okawaru
 15074 | Lair:2   | Received a gift from Okawaru
 15124 | Lair:2   | Reached XP level 12. HP: 103/103 MP: 17/17
 15931 | Lair:3   | Reached skill level 16 in Bows
 16278 | Lair:3   | Received a gift from Okawaru
 16386 | Lair:4   | Noticed a seven-headed hydra
 16392 | Lair:4   | Killed a seven-headed hydra
 17084 | Lair:4   | Noticed Nergalle
 17231 | Lair:4   | Noticed a seven-headed hydra
 17247 | Lair:4   | Killed a seven-headed hydra
 17247 | Lair:4   | Reached skill level 17 in Bows
 17339 | Lair:4   | Noticed Sonja
 17347 | Lair:4   | Killed Sonja
 18199 | Lair:5   | Killed Nergalle
 18488 | Lair:6   | Found a staircase to the Shoals.
 18682 | Lair:6   | Reached XP level 13. HP: 84/113 MP: 19/19
 18733 | Lair:6   | Received a gift from Okawaru
 18767 | Lair:6   | Reached skill level 10 in Fighting
 18905 | Lair:6   | Found a staircase to the Snake Pit.
 19017 | Lair:6   | Reached skill level 18 in Bows
 19038 | Lair:6   | Received a gift from Okawaru
 19086 | Lair:6   | Got a crude halberd {god gift}
 19087 | Lair:6   | Identified the +3 halberd "Viseer" {chop, rN+ Str+4} (Okawaru gifted it to you on level 6 of the Lair of Beasts)
 21058 | Lair:7   | Reached skill level 19 in Bows
 21149 | Lair:8   | Entered Level 8 of the Lair of Beasts
 21224 | Lair:8   | Received a gift from Okawaru
 21369 | Lair:8   | Found a viscous altar of Jiyva.
 21369 | Lair:8   | Found a staircase to the Slime Pits.
 21571 | Lair:8   | Paralysed by a wasp for 2 turns
 21829 | Lair:8   | Reached XP level 14. HP: 97/124 MP: 18/20
 22021 | Lair:8   | Reached skill level 1 in Armour
 22422 | Lair:8   | Received a gift from Okawaru
 22423 | Lair:8   | Got a steaming centaur barding {god gift}
 22550 | Lair:8   | Identified the +8 centaur barding of Cinuh {MR+ Int+5} (Okawaru gifted it to you on level 8 of the Lair of Beasts)
 22650 | Lair:8   | Reached skill level 10 in Polearms
 22805 | Lair:8   | Got a bronze chain mail
 22816 | Lair:8   | Identified the +1 chain mail "Wef Gaecw" {*Corrode rElec rPois Slay-3} (You found it on level 8 of the Lair of Beasts)
 23021 | Lair:8   | Reached skill level 5 in Spellcasting
 23172 | Lair:8   | Learned a level 4 spell: Condensation Shield
 23176 | Lair:8   | Learned a level 3 spell: Ozocubu's Armour
 23245 | Lair:8   | Paralysed by a hornet for 2 turns
 23258 | Lair:8   | HP: 5/124 [poisoned by a hornet]
 23356 | Lair:8   | Reached skill level 1 in Charms
 23947 | Shoals:1 | Entered Level 1 of the Shoals
 23947 | Shoals:1 | Noticed Donald
 24013 | Lair:6   | Killed Donald
 24775 | D:9      | Received a gift from Okawaru
 25307 | D:8      | Killed Maurice
 25334 | D:8      | Noticed Erica
 25346 | D:8      | Killed Erica
 25614 | D:11     | Found a labyrinth entrance.
 25736 | Lab      | Entered a labyrinth
 25999 | D:11     | Learned a level 2 spell: Blink
 26003 | D:11     | Learned a level 3 spell: Portal Projectile
 26005 | D:11     | Learned a level 1 spell: Apportation
 26008 | D:11     | Learned a level 2 spell: Shroud of Golubria
 26404 | D:11     | Found Gowimi's Antique Weapon Shoppe.
 26621 | D:11     | Reached skill level 1 in Ice Magic
 27079 | D:12     | Got an encrusted scale mail
 27103 | D:12     | Identified the cursed +0 scale mail of the Thirteen Realms {*Drain Slay+3 SInv} (You found it on level 12 of the Dungeon)
 27133 | D:12     | Found a staircase to the Orcish Mines.
 27707 | D:12     | Reached skill level 1 in Translocations
 27713 | D:12     | Reached XP level 15. HP: 117/130 MP: 19/28
 27872 | Orc:1    | Entered Level 1 of the Orcish Mines
 27925 | Orc:1    | Found Kudali's Distillery.
 27939 | Orc:1    | Bought a potion of invisibility for 112 gold pieces
 27939 | Orc:1    | Bought a potion of cancellation for 112 gold pieces
 28464 | Orc:2    | Found a dark tunnel.
 28480 | Volcano  | Entered a volcano
 29694 | Orc:3    | Found a staircase to the Elven Halls.
 30050 | Orc:4    | Entered Level 4 of the Orcish Mines
 31323 | Orc:4    | Found Emmiex's Jewellery Shop.
 31323 | Orc:4    | Found Reuwuto's Antique Armour Shop.
 31332 | Orc:4    | Found Qehon's Weapon Shoppe.
 31332 | Orc:4    | Found Woforaor's Antique Armour Shoppe.
 31358 | Orc:4    | Bought a cursed ring of loudness for 76 gold pieces
 31358 | Orc:4    | Bought an uncursed ring of poison resistance for 340 gold pieces
 31463 | Elf:1    | Entered Level 1 of the Elven Halls
 31500 | Elf:1    | Reached skill level 10 in Spellcasting
 31637 | Elf:1    | Found Egoteb's General Store.
 31798 | Elf:1    | Received a gift from Okawaru
 31868 | Elf:1    | Identified a scroll of acquirement
 33045 | Elf:2    | Found a runed gate.
 33051 | Elf:2    | Reached skill level 20 in Bows
 33053 | Elf:2    | Found a runed gate.
 33053 | Elf:2    | Found a runed gate.
 33096 | Elf:2    | Noticed Asterion
 33532 | Elf:2    | Killed from afar by a deep elf conjurer

Action                   |  1- 3 |  4- 6 |  7- 9 | 10-12 | 13-15 || total
-------------------------+-------+-------+-------+-------+-------++-------
Melee: Short sword       |   135 |    41 |       |       |       ||   176
       Club              |       |    22 |     4 |       |       ||    26
       Quarterstaff      |       |    62 |    21 |       |       ||    83
       Scythe            |       |    49 |       |       |       ||    49
       Spear             |       |     8 |   426 |  1111 |    41 ||  1586
       Halberd           |       |     4 |       |       |  1663 ||  1667
       Glaive            |       |       |       |       |    34 ||    34
 Fire: Shortbow          |    14 |    32 |    44 |   446 |   388 ||   924
       Longbow           |       |       |       |       |   182 ||   182
Throw: Stone             |       |     8 |       |    33 |    15 ||    56
       Tomahawk          |       |       |       |     3 |       ||     3
       Javelin           |       |       |       |       |     6 ||     6
Invok: Heroism           |       |       |       |    14 |    30 ||    44
       Finesse           |       |       |       |     3 |     3 ||     6
Evoke: Lamp of fire      |       |       |       |     1 |       ||     1
  Use: Scroll            |       |     7 |     1 |    19 |    15 ||    42
       Potion            |       |     4 |       |     2 |     4 ||    10
 Stab: Sleeping          |       |       |       |     2 |     4 ||     6
       Distracted        |       |       |       |     1 |     1 ||     2
  Eat: Chunk             |       |     9 |    13 |    27 |    59 ||   108
       Pizza             |       |       |       |     1 |       ||     1
       Bread ration      |       |       |       |     1 |       ||     1
